 Dungeon Crawl Stone Soup version 0.30.0-29-ga12c61a403 (webtiles) character file.

Game seed: 962147051044268667

770 Destapler the Firebug (level 7, -4/41 HPs)
             Began as a Gargoyle Fire Elementalist on June 23, 2023.
             Was an Initiate of Gozag.
             Engulfed by a cloud of flame (9 damage)
             ... on level 5 of the Dungeon.
             The game lasted 00:30:56 (4867 turns).

Destapler the Firebug (Gargoyle Fire Elementalist)  Turns: 4867, Time: 00:30:57

Health: -4/41      AC:  8    Str: 11    XL:     7   Next: 83%
Magic:  0/20       EV: 11    Int: 18    God:    Gozag
Gold:   715        SH:  0    Dex: 10    Spells: 9/12 levels left

rFire   + . .        a - +1 mace
rCold   x . .        w - +1 buckler
rNeg    + . .        i - +0 robe
rPois   ∞            (no helmet)
rElec   +            (no cloak)
rCorr   .            (no gloves)
SInv    .            t - +1 pair of boots
Will    .....        (no amulet)
Stlth   +            g - ring of magical power
HPRegen 0.26/turn    H - ring of fire
MPRegen 0.17/turn

%: no passive effects
@: confused, ambrosia-drunk, marked, gold aura
A: sickness immunity, AC +4, negative energy resistance 1, electricity
resistance, torment resistance 1, petrification resistance
a: Renounce Religion, Potion Petition, Call Merchant, Bribe Branch


You were on level 5 of the Dungeon.
You worshipped Gozag.
Gozag was pleased with you.
You visited 1 branch of the dungeon, and saw 5 of its levels.
You also visited: Sewer.

You collected 715 gold pieces.

Inventory:

Hand Weapons
 a - a +1 mace (weapon)
 e - a +0 whip
 o - a +0 rapier
 A - a +0 heavy hand axe
Missiles
 n - 5 stones
Armour
 i - a +0 robe (worn)
 j - a +0 pair of boots
 t - a +1 pair of boots (worn)
 w - a +1 buckler (worn)
Jewellery
 g - a ring of magical power (left hand)
 E - a +6 ring of strength
 H - a ring of fire (right hand)
Wands
 y - a wand of charming (9)
 F - a wand of acid (15)
Scrolls
 f - 3 scrolls of teleportation
 x - a scroll of blinking {unknown}
 B - a scroll of identify
 C - 2 scrolls of poison {unknown}
 D - a scroll of noise {unknown}
Potions
 b - a potion of magic
 c - a potion of ambrosia
 d - 4 potions of might {unknown}
 h - a potion of berserk rage {unknown}
 k - 3 potions of haste
 l - 2 potions of resistance {unknown}
 p - 4 potions of curing {unknown}
 q - 4 potions of flight {unknown}
 r - a potion of attraction {unknown}
 s - a potion of brilliance {unknown}
 u - a potion of heal wounds {unknown}
 v - a potion of invisibility {unknown}
 z - 2 potions of degeneration {unknown}
 G - a potion of lignification {unknown}


   Skills:
 + Level 3.2 Fighting
 + Level 3.1 Maces & Flails
 - Level 2.0 Dodging
 - Level 3.0 Stealth
 - Level 3.0 Shields
 - Level 3.0 Spellcasting
 - Level 3.0 Conjurations
 + Level 0.6 Translocations
 + Level 4.1 Fire Magic
 * Level 1.3 Ice Magic
 + Level 2.2 Evocations


You had 9 spell levels left.
You knew the following spells:

 Your Spells              Type           Power      Damage    Failure   Level
a - Foxfire               Conj/Fire      92%        2x1d8     5%          1
b - Scorch                Fire           52%        2d7       6%          2

Your spell library contained the following spells:

 Spells                   Type           Power      Damage    Failure   Level
 Necrotise                Necr           8%         1d4       22%         1
 Volatile Blastmotes      Fire/Tloc      34%        2d12      26%         3
 Inner Flame              Hex/Fire       15%        N/A       28%         3
 Wereblood                Tmut           2%         N/A       34%         2
 Ozocubu's Armour         Ice            7%         N/A       36%         3
 Flame Wave               Conj/Fire      23%        2d8       45%         4
 Vampiric Draining        Necr           2%         2d6       56%         3
 Agony                    Necr           2%         N/A       99%         5
 Metabolic Englaciation   Hex/Ice        2%         N/A       99%         5
 Summon Hydra             Summ           1%         N/A       100%        7
 Sublimation of Blood     Necr           Unusable   N/A       N/A         2
 Simulacrum               Ice/Necr       Unusable   N/A       N/A         6

Dungeon Overview and Level Annotations

Branches:
Dungeon (5/15)              Sewer (visited)
 Temple: D:4-7

Altars:
Gozag
Sif Muna
Xom
Yredelemnul
Zin

Annotations:
D:5 Eustachio


Innate Abilities, Weirdness & Mutations

You are immune to sickness and miasma.
Your stone body is resilient. (AC +4)
You are immune to poison.
You resist negative energy. (rN+)
You are resistant to electric shocks. (rElec)
You are resistant to unholy torment.
You are immune to petrification.


Message History

The fire bat completely resists.
The fire bat is distracted by your dazzling golden aura.
The scorpion is distracted by your dazzling golden aura.
Your Maces & Flails skill increases to level 3!
Unknown command.
Unknown command.
Casting: Scorch (safe; 6% risk of failure)
Confirm with . or Enter, or press ? or * to list all spells.
You feel a surge of power!
Flames lash the fire bat.
The fire bat completely resists.
The fire bat is no longer distracted by gold.
You hit the scorpion.
Flame seeps out of the scorpion.
The scorpion is no longer distracted by gold.
The scorpion is lightly wounded.
The scorpion is engulfed in blazing flames.
Flame seeps out of the scorpion.
The scorpion completely misses you.
You barely miss the scorpion.
The scorpion is severely wounded.
The scorpion is engulfed in blazing flames.
The scorpion explodes!
The fiery explosion engulfs you! You resist.
The fiery explosion engulfs the fire bat.
The fire bat completely resists.
A jackal comes into view.
The fire bat bites you but does no damage.
Your Ice Magic skill increases to level 1!
You hit the fire bat.
The fire bat explodes!
The fiery explosion engulfs you. You resist.
* * * LOW HITPOINT WARNING * * *
The fiery explosion engulfs the fire bat.
The fire bat completely resists.
You are engulfed in blazing flames.
You resist.
* * * LOW HITPOINT WARNING * * *
The fire bat is distracted by your dazzling golden aura.
Your magical contamination has completely faded away.
You are confused.
You feel invigorated.
You are engulfed in blazing flames.
You resist.
You die...
Your body crumbles into a pile of gold.

##.......#### .##
#.####.....## #Z.
##......######. @S
......#.# #$. ##b
......#.#### #b# #b#
##.##.#....# #b##$#
##........## #.$☼##
#####.##..# ###bh$#
#####.....# #@$##.#
......##.## #####.#
########.## ####.## # #
#...# #.##.##.##.# # #...#
##.##.......# #
#...#####............ #
#..........##.#..#..#
#######...#####............
##..............##<.#.##...


You could see a fire bat (inner flame, unaware) and a jackal.

Vanquished Creatures
  A water moccasin (Sewer)
  A black bear (D:5)
  A phantom (D:4)
  2 scorpions
  A howler monkey (D:4)
  2 hounds
  3 gnolls (D:3)
  8 adders
  A river rat (D:4)
  2 ufetubi
  3 worms
  2 dart slugs
  A fire bat (D:5)
  An orc (D:3)
  24 bats
  A bat skeleton (D:5)
  4 endoplasms
  4 giant cockroaches
  5 goblins
  7 hobgoblins
  5 jackals
  A quokka (D:3)
  7 ball pythons
  2 frilled lizards
  5 kobolds
  4 rats
98 creatures vanquished.

Vanquished Creatures (others)
  190 foxfires
190 creatures vanquished.

Grand Total: 288 creatures vanquished

Notes
Turn   | Place    | Note
-------+----------+-------------------------------------------
     0 | D:1      | Destapler the Gargoyle Fire Elementalist began the quest
                  | for the Orb.
     0 | D:1      | Reached XP level 1. HP: 10/10 MP: 3/3
   282 | D:1      | Reached skill level 1 in Fighting
   282 | D:1      | Reached XP level 2. HP: 16/16 MP: 3/5
   635 | D:1      | Found a faded altar of an unknown god.
   638 | D:1      | Prayed at the altar of an unknown god.
   638 | D:1      | Became a worshipper of Gozag Ym Sagoz the Greedy
  1030 | D:2      | Reached XP level 3. HP: 18/20 MP: 6/6
  1870 | D:3      | Reached XP level 4. HP: 26/26 MP: 7/7
  2146 | D:3      | Learned a level 2 spell: Scorch
  2334 | D:3      | Reached skill level 1 in Maces & Flails
  2828 | D:4      | You fall into a shaft and drop 1 floor!
  2828 | D:5      | Entered Level 5 of the Dungeon
  2922 | D:4      | Noticed a phantom
  2931 | D:4      | Found a glowing silver altar of Zin.
  2933 | D:4      | Killed a phantom
  2934 | D:4      | Reached skill level 1 in Shields
  2934 | D:4      | Reached XP level 5. HP: 27/30 MP: 6/8
  2954 | D:4      | Found a glowing drain.
  3032 | D:4      | Reached XP level 6. HP: 36/36 MP: 10/10
  3053 | D:4      | Reached skill level 1 in Evocations
  3194 | Sewer    | Entered a sewer
  3315 | Sewer    | Noticed a water moccasin
  3327 | Sewer    | Killed a water moccasin
  3416 | D:4      | Reached XP level 7. HP: 40/40 MP: 11/11
  4092 | D:4      | Found a basalt altar of Yredelemnul.
  4277 | D:4      | Found a shimmering blue altar of Sif Muna.
  4474 | D:5      | Reached skill level 4 in Fire Magic
  4588 | D:5      | Found a shimmering altar of Xom.
  4850 | D:5      | Noticed Eustachio
  4866 | D:5      | Reached skill level 1 in Ice Magic
  4867 | D:5      | Engulfed by a cloud of flame

Illustrated notes

Levels and vault maps discovered:
D:1:      dpeg_arrival_boxes_within_box, layout_basic, basic_ecumenical_altar,
          minivault_11
D:2:      layout_loops_ring
D:3:      minmay_wonky_spiral, layout_loops_cross, corexii_leaking_fountain
D:4:      layout_basic, old_standard_altar, nicolae_sif_muna_little_library,
          lemuel_doored_altar, cheibrodos_sewer_entry_sluice, interstate_on_off,
          nicolae_eternal_life
D:5:      layout_loops_cross, mainiacjoe_overflow_tiny_flanked, goddamned_bats,
          uniq_eustachio

Skill      XL: |  1  2  3  4  5  6  7 |
---------------+----------------------+-----
Fighting       | 1 2 3 |  3.2
Maces & Flails | 1 2 3 |  3.1
Conjurations   | 2 3 |  3.0
Dodging        | 2 |  2.0
Stealth        | 3 |  3.0
Shields        | 1 2 3 |  3.0
Evocations     | 1 2 |  2.2
Spellcasting   | 3 |  3.0
Fire Magic     | 4 |  4.1
Ice Magic      | 1 |  1.3
Translocations | |  0.6

Action                     |  1- 3 |  4- 6 |  7- 9 || total
---------------------------+-------+-------+-------++-------
  Melee: Whip              |    66 |     7 |       ||    73
         Unarmed           |     9 |       |       ||     9
         Punch             |     1 |       |       ||     1
         Mace              |       |    40 |     7 ||    47
   Cast: Foxfire           |    53 |    57 |    17 ||   127
         Scorch            |       |    16 |    20 ||    36
    Use: Scroll            |       |     4 |     2 ||     6
         Potion            |       |     1 |     1 ||     2
   Stab: Sleeping          |     3 |     1 |     1 ||     5
 Armour: Robe              |    38 |    35 |    22 ||    95
  Dodge: Dodged            |    64 |    47 |    29 ||   140
  Block: Buckler           |       |    15 |    13 ||    28
